 Dungeon Crawl Stone Soup version 0.29-a0-993-g4a18f31a58 (webtiles) character file.

Game seed: 12760850519734548823

69 porpoise the Trooper (level 4, -2/41 HPs)
             Began as a Hill Orc Fighter on Aug 3, 2022.
             Slain by a gnoll
             ... wielding a +0 spear
              (5 damage)
             ... on level 2 of the Dungeon.
             The game lasted 00:04:53 (2005 turns).

porpoise the Trooper (Hill Orc Fighter)             Turns: 2005, Time: 00:04:54

Health: -2/41      AC:  6    Str: 18    XL:     4   Next: 20%
Magic:  4/4        EV:  9    Int:  8    God:
Gold:   40         SH:  4    Dex: 12    Spells: 3/3 levels left

rFire   . . .      SeeInvis +   a - +0 long sword
rCold   . . .      Faith    .   c - +0 buckler
rNeg    . . .      Spirit   .   b - +0 scale mail
rPois   .          Reflect  .   (no helmet)
rElec   .          Harm     .   (no cloak)
rCorr   .          Rampage  .   (no gloves)
Will    .....                   (no boots)
Stlth   ..........              (no amulet)
HPRegen 0.13/turn               m - ring of flight
MPRegen 0.09/turn               p - ring of see invisible

@: flying
A: subdued magic 1
a: no special abilities


You were on level 2 of the Dungeon.
You visited 1 branch of the dungeon, and saw 2 of its levels.

You collected 40 gold pieces.

Inventory:

Hand Weapons
 a - a +0 long sword (weapon)
Armour
 b - a +0 scale mail (worn)
 c - a +0 buckler (worn)
Jewellery
 f - an amulet of faith
 m - a ring of flight (left hand)
 p - a ring of see invisible (right hand)
Scrolls
 e - 2 scrolls of identify {unknown}
 g - a scroll of acquirement {unknown}
 h - a scroll of immolation {unknown}
 i - a scroll of torment {unknown}
 l - a scroll of poison {unknown}
 n - a scroll of noise {unknown}
Potions
 d - a potion of might
 k - a potion of resistance


   Skills:
 + Level 4.9 Fighting
 + Level 3.7 Long Blades
 - Level 3.3 Armour
 - Level 3.3 Shields


You had 3 spell levels left.
You didn't know any spells.
Your spell library was empty.

Dungeon Overview and Level Annotations

Branches:
Dungeon (2/15)

Altars:


Innate Abilities, Weirdness & Mutations

Your spells are a little easier to cast, but a little less powerful.


Message History

The gnoll hits you but does no damage. The ball python bites you.
The ball python constricts you.
You completely miss the ball python.
The ball python is severely wounded.
The gnoll hits you from afar with a +0 spear.
* * * LOW HITPOINT WARNING * * *
You block the ball python's attack. The ball python constricts you.
You barely miss the ball python.
The ball python is severely wounded.
The ball python bites you but does no damage.
The ball python constricts you.
* * * LOW HITPOINT WARNING * * *
The gnoll hits you from afar with a +0 spear.
* * * LOW HITPOINT WARNING * * *
The ball python bites you but does no damage.
The ball python constricts you.
* * * LOW HITPOINT WARNING * * *
The gnoll closely misses you.
You closely miss the ball python.
The ball python is severely wounded.
You block the ball python's attack. The ball python constricts you.
The gnoll hits you from afar with a +0 spear.
* * * LOW HITPOINT WARNING * * *
You hit the ball python but do no damage.
The ball python is severely wounded.
The ball python bites you but does no damage.
The ball python constricts you. The gnoll hits you but does no damage.
The ball python bites you but does no damage.
The ball python constricts you.
* * * LOW HITPOINT WARNING * * *
You hit the ball python.
You kill the ball python!
The gnoll hits you but does no damage. x2
The gnoll barely misses you.
There is an open door, spattered with blood here.
Items here: $ ( ))) ? ÷ †.
You slash the gnoll!
The gnoll is almost dead.
The gnoll hits you with a +0 spear.
You die...

#.
#.............#.####
#.............#....###
#.............#....#..
#.............#....#.#
#.............#...##.#
#.............#....#.#
#.......g.....#...##.#
####@#######.#....#
#.##.#...#.#.#.####
#.##.....#.#.....#
#.###....#.#.###.####
#.# #....#...# #....#
###.###...÷..###
####.# #.....<....#.#
#.# #............# #..
#......#.##### ###


You could see a gnoll.

Vanquished Creatures
  2 gnolls (D:2)
  An adder (D:2)
  A worm (D:2)
  5 ball pythons
  6 endoplasms
  A giant cockroach (D:1)
  5 goblins
  2 hobgoblins
  5 bats
  4 frilled lizards
  2 kobolds
  3 rats (D:2)
37 creatures vanquished.

Notes
Turn   | Place    | Note
-------+----------+-------------------------------------------
     0 | D:1      | porpoise the Hill Orc Fighter began the quest for the Orb.
     0 | D:1      | Reached XP level 1. HP: 19/19 MP: 1/1
   410 | D:1      | Reached XP level 2. HP: 27/27 MP: 2/2
   467 | D:1      | Reached skill level 4 in Fighting
  1241 | D:2      | Reached XP level 3. HP: 34/34 MP: 3/3
  1584 | D:2      | HP: 1/34 [gnoll/+0 spear (3)]
  1586 | D:2      | Gained mutation: Your spells are a little easier to cast,
                  | but a little less powerful. [potion of mutation]
  1988 | D:2      | Reached XP level 4. HP: 41/41 MP: 4/4
  2002 | D:2      | HP: 2/41 [constriction (1)]
  2005 | D:2      | Slain by a gnoll

Illustrated notes

Levels and vault maps discovered:
D:1:      psy_arrival_radial01, layout_loops_corners
D:2:      layout_basic, kennysheep_generic_room_16

Skill      XL: |  1  2 |
---------------+-------+-----
Fighting       | 4 |  4.9
Long Blades    | 3 |  3.7
Armour         | |  3.3
Shields        | |  3.3

Action                   |  1- 3 |  4- 6 || total
-------------------------+-------+-------++-------
Melee: Long sword        |   114 |    17 ||   131
  Use: Potion            |     3 |       ||     3
Armor: Scale mail        |    53 |    13 ||    66
Dodge: Dodged            |    74 |     7 ||    81
Block: Buckler           |    24 |     7 ||    31

Table legend: (Time is in decaauts)
 A = Elapsed time spent in this place.
 B = Non-inter-level travel time spent in this place.
 C = Inter-level travel time spent in this place.
 D = Time resting spent in this place.
 E = Time spent auto-exploring this place.
 F = Levels seen in this place.
 G = Mean time per level.
                   A        B        C        D        E       F      G
               +--------+--------+--------+--------+--------+-----+--------+
         Total |   2022 |   1969 |     53 |    292 |   1352 |   2 | 1011.0 |
       Dungeon |   2022 |   1969 |     53 |    292 |   1352 |   2 | 1011.0 |
               +--------+--------+--------+--------+--------+-----+--------+

Top non-repeatable levels by time:
     D:1: 1444 daAuts
     D:2: 577 daAuts
